Map: Deathaura LE

Players

A.I. 1 (Harder)

  • Race: Protoss Protoss
  • Spawn Location: 5:00

Throwfordays - Winner!

  • Race: Protoss Protoss
  • League: Silver
  • Spawn Location: 11:00

VOD

Have the link to the VOD?

Description

Time

  • Played on: Sept. 12, 2020, 12:42 p.m.
  • Length: 10:22
Show
View Real Time Build Order
Export as new Build Order

A.I. 1 (Harder) Protoss 

Build Orders:  

Get SALT Encoding   

  12  0:00  Probe  
  13  0:13  Probe  
  14  0:20  Pylon  
  14  0:25  Probe  
  15  0:34  Probe  
  15  0:42  Probe  
  16  0:47  Assimilator  
  17  0:50  Gateway  
  17  0:52  Probe  
  18  1:00  Pylon, Probe  
  19  1:18  Probe  
  20  1:38  Zealot  
  22  1:41  Gateway  
  22  1:44  Cybernetics Core  
  22  1:45  Assimilator  
  22  2:01  Pylon  
  22  2:03  Zealot  
  24  2:19  Warp Gate  
  24  2:29  Stalker  
  24  2:32  Stalker  
  28  2:44  Pylon  
  28  2:59  Stalker  
  28  3:00  Probe  
  28  3:02  Stalker  
  33  3:08  Probe  
  33  3:17  Pylon, Probe  
  35  3:28  Probe  
  35  3:29  Adept  
  35  3:32  Adept  
  40  3:36  Forge  
  40  3:40  Probe  
  41  3:52  Probe  
  41  3:54  Stalker  
  44  4:31  Protoss Ground Weapons Level 1, Sentry  
  44  4:33  Gateway  
  44  4:35  Pylon  
  46  4:39  Zealot  
  48  4:53  Photon Cannon  
  48  4:54  Sentry, Robotics Facility  
  50  5:01  Stalker  
  52  5:08  Pylon  
  52  5:16  Stalker  
  54  5:24  Stalker  
  50  5:32  Stalker  
  44  5:40  Stalker  
  42  5:43  Observer  
  42  5:48  Zealot  
  45  5:56  Adept  
  47  6:02  Nexus  
  47  6:04  Zealot  
  49  6:11  Stalker  
  51  6:19  Stalker  
  52  6:26  Twilight Council  
  52  6:33  Protoss Ground Armor Level 1  
  52  6:40  Stalker  
  54  6:47  Adept  
  54  6:49  Stalker x2  
  54  6:53  Blink  
  56  6:59  Observer  
  57  7:05  Photon Cannon  
  57  7:11  Probe  
  57  7:15  Probe  
  59  7:19  Probe  
  59  7:22  Assimilator  
  55  7:24  Pylon  
  55  7:27  Probe  
  55  7:29  Probe  
  51  7:33  Adept  
  46  7:40  Stalker  
  42  7:48  Zealot  
  38  7:56  Stalker  
  38  8:04  Stalker  
  36  8:12  Zealot  
  38  8:20  Stalker  
  38  8:25  Probe  
  41  8:27  Stalker, Probe  
  41  8:32  Sentry  
  46  8:38  Gateway  
  46  8:43  Stalker  
  46  8:50  Adept  
  32  9:21  Zealot, Probe  
  34  9:24  Zealot  
  34  9:29  Stalker  
  33  9:36  Stalker  
  33  9:38  Stalker  
  24  9:43  Probe  
Show
View Real Time Build Order
Export as new Build Order

Throwfordays Protoss - Winner!

Build Orders: 1 Gate Expand 

Get SALT Encoding   

  12  0:01  Probe  
  13  0:13  Probe  
  14  0:18  Pylon  
  14  0:25  Probe  
  15  0:37  Gateway  
  15  0:41  Probe  
  16  0:47  Assimilator  
  16  0:53  Probe  
  17  1:05  Probe  
  18  1:17  Probe  
  19  1:24  Cybernetics Core  
  19  1:29  Probe  
  20  1:40  Nexus  
  20  1:52  Warp Gate (Chrono Boost)  
  20  1:56  Assimilator  
  20  1:59  Pylon  
  20  2:08  Probe  
  21  2:20  Probe  
  22  2:25  Gateway  
  22  2:32  Probe  
  22  2:34  Gateway  
  23  2:37  Gateway  
  23  2:46  Probe  
  24  2:53  Probe (Chrono Boost)  
  26  2:59  Pylon  
  26  3:01  Probe (Chrono Boost)  
  26  3:05  Probe (Chrono Boost)  
  27  3:12  Probe (Chrono Boost)  
  29  3:13  Probe (Chrono Boost)  
  29  3:19  Probe  
  29  3:22  Probe  
  29  3:23  Pylon  
  31  3:31  Probe  
  31  3:32  Stalker  
  34  3:34  Probe  
  34  3:37  Stalker  
  37  3:42  Stalker  
  37  3:43  Probe  
  37  3:47  Stalker  
  43  3:55  Probe  
  43  3:57  Probe  
  43  4:01  Assimilator  
  44  4:03  Assimilator  
  44  4:07  Probe  
  44  4:09  Probe  
  46  4:10  Stalker  
  46  4:13  Stalker  
  50  4:18  Stalker  
  50  4:19  Probe  
  50  4:23  Stalker  
  55  4:31  Probe (Chrono Boost)  
  56  4:33  Probe (Chrono Boost)  
  57  4:40  Pylon  
  57  4:43  Probe (Chrono Boost)  
  57  4:44  Probe (Chrono Boost)  
  59  4:48  Pylon, Probe (Chrono Boost)  
  59  4:52  Probe  
  61  5:05  Pylon  
  61  5:08  Pylon  
  61  5:11  Stalker x2  
  61  5:12  Stalker  
  61  5:13  Stalker  
  63  5:35  Pylon  
  63  5:36  Stalker  
  63  5:37  Stalker x2  
  63  5:38  Stalker  
  71  5:51  Nexus  
  71  5:52  Pylon  
  71  6:03  Stalker x3  
  77  6:04  Stalker  
  79  6:15  Robotics Facility  
  79  6:17  Robotics Facility  
  79  6:20  Robotics Facility  
  79  6:42  Probe  
  79  6:45  Probe  
  81  6:55  Probe (Chrono Boost)  
  81  6:59  Probe (Chrono Boost)  
  83  7:05  Pylon, Probe (Chrono Boost)  
  85  7:13  Probe (Chrono Boost)  
  85  7:15  Probe x2 (Chrono Boost)  
  87  7:19  Probe x2 (Chrono Boost), Immortal x3  
  87  7:22  Probe  
  98  7:27  Stalker x4  
  98  7:29  Gateway  
  102  7:31  Probe  
  102  7:34  Probe  
  88  7:51  Stalker x2  
  88  7:52  Stalker x2  
  96  8:05  Immortal x3  
  108  8:09  Assimilator  
  108  8:11  Assimilator  
  108  8:18  Stalker  
  110  8:20  Stalker x2  
  110  8:21  Stalker  
  110  8:22  Gateway  
  116  8:30  Pylon  
  116  8:32  Pylon  
  116  8:50  Stalker x5  
  126  8:57  Probe  
  126  9:00  Probe  
  136  9:02  Immortal  
  136  9:03  Immortal x2  
  136  9:09  Probe  
  141  9:20  Pylon  
  141  9:21  Pylon  
  141  9:23  Pylon  
  141  9:24  Pylon  
  141  9:38  Probe  
  142  9:44  Stalker x2  
  142  9:45  Stalker x2  
  148  9:50  Probe  
Tags
 
League
Silver
Matchup
PvP
Replay Pack
Multiplayer
Spawn Locations
Cross Positions
Add a new tag
Caveats
  • Supply blocks, unpowered buildings, or Contaminate may cause inaccurate times.
  • Supply counts are checked every 10 seconds.